Map: [ESL] Data-C

Players

maru

  • Race: Terran Terran
  • League: Diamond
  • Spawn Location: 9:00

Serral - Winner!

  • Race: Zerg Zerg
  • League: Grandmaster
  • Spawn Location: 3:00

Event: TSL 9

VOD

Have the link to the VOD?

Description

Time

  • Played on: Sept. 4, 2022, 1:34 p.m.
  • Length: 21:04

All games in this series

Show
View Real Time Build Order
Export as new Build Order

maru Terran 

Build Orders: Command Center First (CC) 

Get SALT Encoding   

  12  0:00  SCV  
  13  0:12  SCV  
  14  0:17  Supply Depot  
  14  0:24  SCV  
  15  0:38  SCV  
  16  0:50  SCV  
  17  0:58  Command Center  
  17  1:02  SCV  
  18  1:12  Barracks  
  18  1:15  SCV  
  19  1:22  Refinery  
  19  1:27  SCV  
  20  1:34  Barracks  
  20  1:39  SCV  
  21  1:51  SCV  
  21  1:53  Refinery  
  22  1:59  Marine  
  23  2:04  Orbital Command  
  23  2:11  Orbital Command  
  23  2:17  Barracks Reactor  
  23  2:21  Barracks Tech Lab  
  24  2:30  SCV  
  24  2:38  SCV  
  24  2:41  Marine  
  24  2:42  SCV  
  27  2:44  Stimpack  
  27  2:52  SCV  
  27  2:54  SCV, Marine x2  
  31  2:59  Marine  
  31  3:04  SCV  
  33  3:06  Command Center  
  33  3:09  Factory  
  33  3:11  SCV  
  34  3:16  SCV  
  34  3:17  Supply Depot  
  35  3:22  Marine x2  
  35  3:24  SCV  
  38  3:38  Marine  
  38  3:39  SCV x2, Marine x2, Supply Depot  
  43  3:51  SCV x2  
  43  3:54  Factory Reactor, Starport, Refinery  
  45  3:56  Marine  
  45  4:00  Marine x2  
  45  4:02  Supply Depot  
  48  4:03  SCV  
  48  4:08  SCV  
  50  4:14  Marine  
  50  4:15  SCV  
  52  4:18  Marine x2  
  52  4:20  SCV, Orbital Command  
  55  4:24  Combat Shield  
  55  4:26  Supply Depot  
  55  4:27  SCV  
  56  4:32  SCV, Marine  
  56  4:36  Factory Tech Lab, Marine, Refinery  
  56  4:38  Medivac x2  
  63  4:39  SCV  
  63  4:42  Orbital Command  
  63  4:44  SCV  
  65  4:47  SCV  
  65  4:48  Engineering Bay  
  66  4:56  Engineering Bay  
  66  4:58  Orbital Command  
  66  5:00  SCV  
  66  5:02  Siege Tank  
  66  5:04  SCV  
  71  5:08  Supply Depot  
  71  5:12  SCV  
  71  5:14  Barracks  
  72  5:15  Barracks  
  72  5:16  SCV  
  72  5:18  Barracks  
  72  5:20  Starport Reactor  
  73  5:22  Terran Infantry Armor Level 1, Terran Infantry Weapons Level 1  
  73  5:23  SCV  
  73  5:24  SCV  
  73  5:26  Marine x3  
  78  5:29  SCV  
  78  5:31  Supply Depot  
  78  5:34  Siege Tank  
  82  5:35  SCV  
  82  5:40  SCV  
  84  5:43  SCV  
  84  5:44  Marine x2  
  84  5:48  SCV  
  86  5:50  Marine  
  86  5:52  SCV  
  86  5:55  SCV, Supply Depot  
  89  5:57  Medivac  
  89  5:58  Medivac  
  89  6:01  Marine, Supply Depot  
  89  6:02  Marine, Supply Depot  
  95  6:04  Barracks Reactor x2  
  95  6:06  Marine x2  
  95  6:08  SCV  
  95  6:10  SCV  
  99  6:15  SCV  
  99  6:16  Siege Tank  
  103  6:21  Marine x3  
  106  6:27  SCV x3, Supply Depot  
  106  6:30  Supply Depot  
  109  6:34  Marine x2  
  109  6:35  Medivac  
  109  6:39  Marine x2  
  115  6:40  Marine, Medivac  
  115  6:43  Marine x2  
  115  6:44  Marine  
  115  6:45  SCV  
  122  6:52  SCV x2  
  124  6:54  Factory  
  124  6:56  Armory  
  124  7:00  Marine  
  124  7:01  Marine x2  
  127  7:02  Marine  
  127  7:05  Marine x2  
  130  7:10  Marine x2  
  130  7:13  Refinery  
  130  7:14  Command Center  
  132  7:15  Marine  
  132  7:16  Supply Depot  
  132  7:21  Marine x4  
  137  7:22  Marine  
  137  7:24  Siege Tank  
  141  7:32  Marine  
  141  7:37  Marine  
  141  7:40  Marine  
  141  7:41  Marine x6  
  135  7:47  Factory Reactor  
  135  7:50  Marine, Medivac x2  
  140  7:53  SCV  
  140  7:54  Marine  
  140  7:58  Terran Infantry Weapons Level 2, Marine, Terran Infantry Armor Level 2  
  142  7:59  Marine x3  
  142  8:02  Siege Tank  
  142  8:03  SCV  
  149  8:11  Marine  
  149  8:12  Marine x2  
  138  8:16  SCV x2  
  138  8:17  SCV  
  134  8:21  Barracks x2, Medivac  
  134  8:22  Barracks  
  140  8:27  Widow Mine x2  
  140  8:28  Drilling Claws  
  140  8:31  Terran Vehicle Weapons Level 1  
  140  8:32  Supply Depot  
  140  8:38  Marine, Marauder  
  140  8:39  Widow Mine  
  145  8:42  SCV x3  
  145  8:44  Supply Depot  
  150  8:48  Widow Mine  
  150  8:51  Planetary Fortress  
  150  8:54  Marine  
  151  8:56  Supply Depot  
  151  8:57  SCV  
  151  8:58  Marine  
  151  8:59  SCV  
  154  9:05  Siege Tank, Widow Mine  
  154  9:08  Supply Depot  
  159  9:10  Widow Mine  
  159  9:15  Marauder, Marine  
  159  9:16  Marine  
  159  9:17  Barracks Tech Lab x3  
  162  9:19  SCV x3  
  162  9:20  Refinery  
  162  9:27  Widow Mine  
  162  9:28  Medivac  
  155  9:31  Widow Mine  
  155  9:37  Siege Tank, Marauder  
  160  9:41  Marauder x2, Marine  
  160  9:42  Supply Depot  
  160  9:45  SCV  
  166  9:51  Sensor Tower  
  166  9:52  Marine, Marauder  
  168  9:55  Refinery x2  
  168  9:56  Ghost Academy  
  168  9:58  Marauder  
  170  10:02  Marauder x2  
  172  10:12  Marine x4  
  172  10:13  Marauder  
  172  10:14  Siege Tank, Widow Mine x2  
  164  10:15  SCV x4  
  164  10:20  Marauder  
  170  10:24  Marauder x2  
  170  10:25  Factory  
  170  10:27  Terran Infantry Weapons Level 3  
  174  10:31  Concussive Shells  
  174  10:34  Marauder  
  176  10:37  SCV  
  176  10:40  Sensor Tower, Command Center  
  179  10:43  Widow Mine x2  
  179  10:46  Siege Tank  
  181  10:53  Ghost x2  
  179  11:00  Command Center  
  179  11:10  Terran Vehicle Weapons Level 2  
  179  11:11  Missile Turret  
  179  11:12  Missile Turret  
  179  11:13  Ghost  
  179  11:15  Missile Turret  
  179  11:16  Personal Cloaking  
  179  11:18  Command Center  
  172  11:29  Ghost x2  
  173  11:48  Ghost x2  
  173  11:53  Hellbat  
  173  11:54  Factory Tech Lab, Hellbat, Siege Tank  
  169  11:55  Infernal Pre-Igniter  
  169  11:57  Ghost  
  171  12:02  Command Center  
  171  12:04  Ghost  
  171  12:05  Marine x3  
  176  12:12  Factory Tech Lab  
  176  12:20  Hellbat x2, Armory  
  183  12:30  Siege Tank  
  183  12:31  Siege Tank  
  183  12:35  Command Center  
  186  12:37  Planetary Fortress  
  186  12:38  Planetary Fortress  
  186  12:44  Missile Turret  
  186  12:45  Missile Turret  
  186  12:53  Hellbat x2  
  186  12:56  Enhanced Shockwaves  
  190  13:01  Command Center  
  190  13:02  Siege Tank, Command Center  
  193  13:05  Sensor Tower  
  193  13:08  Terran Infantry Armor Level 3  
  193  13:09  Terran Vehicle And Ship Armor Level 1  
  193  13:13  Orbital Command  
  190  13:26  Hellbat x2, Siege Tank  
  156  13:30  Liberator  
  156  13:31  Liberator  
  156  13:34  Siege Tank  
  157  13:35  SCV x3  
  159  13:41  SCV  
  159  13:45  Sensor Tower  
  159  13:47  SCV x3  
  163  13:51  Refinery x2  
  163  13:52  Marauder x2  
  163  13:53  Hellbat x2, Sensor Tower  
  163  13:54  SCV, Orbital Command  
  172  14:00  Terran Vehicle Weapons Level 3  
  172  14:05  Marine x2  
  172  14:06  Hellbat  
  172  14:07  Siege Tank  
  172  14:08  Orbital Command  
  177  14:11  Missile Turret  
  177  14:13  Orbital Command  
  177  14:14  Orbital Command  
  177  14:30  Nuke  
  168  14:43  Hellbat, Siege Tank x2  
  168  14:44  Hellbat  
  143  14:47  Ghost x4, Orbital Command  
  132  14:53  Sensor Tower  
  132  14:56  SCV x5  
  132  14:57  SCV x3  
  140  15:01  Neosteel Armor  
  140  15:08  SCV x2  
  140  15:09  SCV x3  
  140  15:13  SCV x2  
  147  15:14  Orbital Command  
  147  15:15  Ghost x2  
  151  15:25  Marine  
  151  15:26  Hellbat  
  151  15:27  Hellbat, Siege Tank x2  
  151  15:28  Terran Vehicle And Ship Armor Level 2  
  162  15:37  Marauder x2  
  162  15:42  Orbital Command  
  153  15:53  Marauder x2  
  131  15:59  Marauder x2, Marine x7  
  131  16:02  SCV x2  
  143  16:05  Sensor Tower  
  143  16:09  SCV x7, Missile Turret x2  
  143  16:11  Medivac x2  
  154  16:13  Ghost  
  154  16:14  Marauder  
  158  16:20  Ghost, Hellbat x2, Siege Tank x2  
  158  16:25  SCV  
  171  16:26  Missile Turret  
  171  16:32  Marine  
  173  16:33  Marine x2, Marauder  
  173  16:36  Marauder  
  178  16:46  Marine x2  
  178  16:47  Marauder  
  182  16:49  Marauder  
  173  16:54  Marauder  
  173  16:57  Hellbat, Siege Tank x2  
  173  16:58  Hellbat  
  173  16:59  Viking  
  173  17:00  Viking  
  163  17:01  SCV x4  
  163  17:02  SCV x3  
  170  17:08  Sensor Tower  
  170  17:11  Missile Turret x2  
  170  17:17  Factory  
  170  17:27  Ghost x2  
  170  17:29  Siege Tank x2  
  178  17:30  Hellbat x2  
  178  17:32  Liberator x2  
  188  17:39  Command Center  
  188  17:52  Hellbat x2  
  191  18:01  Siege Tank x2  
  128  18:15  Hellbat, Marauder x2  
  128  18:16  Hellbat  
  124  18:20  Orbital Command  
  124  18:24  Medivac x2  
  127  18:33  Siege Tank x2  
  133  18:39  Marauder x2  
  137  18:48  Hellbat x2  
  141  18:52  Marine x3  
  141  18:55  Marauder x2, Marine  
  149  18:59  Orbital Command  
  135  19:09  Marauder x2, Marine x2  
  121  19:14  Medivac x2  
  116  19:17  Marauder  
  116  19:20  Siege Tank x2  
  122  19:30  Orbital Command  
  126  19:31  Hellbat x2  
  90  19:45  Medivac x2  
  90  19:48  Marine  
  90  19:49  Marauder x2, Marine x3  
  89  20:00  Hellbat  
  80  20:09  Marine, Marauder  
  80  20:13  Marine  
Show
View Real Time Build Order
Export as new Build Order

Serral Zerg - Winner!

Build Orders: Hatch First 

Get SALT Encoding   

  12  0:00  Drone  
  13  0:12  Overlord  
  13  0:16  Drone  
  14  0:30  Drone x2  
  16  0:48  Hatchery  
  15  0:51  Drone  
  15  0:54  Drone  
  17  0:58  Drone  
  18  1:08  Extractor  
  17  1:13  Spawning Pool  
  17  1:16  Drone  
  17  1:20  Drone  
  18  1:27  Drone  
  19  1:38  Drone  
  20  1:49  Drone  
  21  2:00  Queen x2  
  21  2:01  Zergling x2, Drone  
  27  2:10  Overlord  
  27  2:11  Drone  
  28  2:23  Hatchery  
  28  2:26  Drone  
  28  2:30  Drone  
  28  2:33  Drone x2  
  28  2:36  Metabolic Boost  
  31  2:43  Queen  
  33  2:48  Overlord  
  33  2:51  Drone  
  33  2:54  Drone  
  33  2:55  Drone  
  36  3:05  Overlord  
  36  3:06  Drone  
  36  3:09  Drone x3  
  36  3:12  Queen  
  41  3:15  Drone  
  42  3:23  Queen  
  42  3:24  Drone  
  42  3:26  Drone  
  46  3:30  Drone  
  47  3:35  Queen  
  47  3:38  Overlord  
  47  3:39  Drone x3  
  52  3:41  Drone  
  52  3:43  Drone  
  52  3:46  Drone  
  52  3:48  Queen  
  55  3:52  Overlord  
  57  3:59  Drone, Queen  
  57  4:00  Drone  
  61  4:03  Overlord  
  61  4:06  Drone x2  
  63  4:12  Queen  
  63  4:13  Drone x2  
  63  4:14  Drone  
  63  4:15  Drone  
  69  4:20  Drone  
  69  4:21  Baneling Nest, Overlord  
  69  4:23  Overlord  
  69  4:25  Drone  
  69  4:29  Zergling x4  
  69  4:30  Extractor  
  71  4:34  Queen  
  71  4:38  Zergling x10  
  78  4:40  Overlord  
  78  4:43  Zergling x6  
  81  4:47  Queen  
  81  4:51  Lair  
  83  4:55  Zergling x6  
  83  4:58  Spore Crawler  
  83  4:59  Overlord  
  85  5:00  Extractor  
  85  5:04  Drone x3  
  85  5:05  Drone  
  85  5:06  Drone  
  85  5:07  Drone  
  90  5:08  Drone x2  
  92  5:14  Zergling x2  
  92  5:16  Zergling x2  
  92  5:17  Baneling x2  
  92  5:20  Spore Crawler  
  92  5:21  Zergling x6  
  95  5:22  Drone x2  
  98  5:29  Zergling x4, Extractor  
  98  5:35  Drone x4  
  103  5:37  Hatchery  
  103  5:40  Drone  
  103  5:41  Evolution Chamber x2  
  101  5:44  Drone x2  
  103  5:51  Drone  
  103  5:56  Drone, Centrifugal Hooks  
  105  5:57  Overlord x3  
  105  5:58  Overlord  
  105  6:01  Overlord  
  105  6:03  Baneling x5  
  105  6:05  Overlord  
  105  6:06  Zerg Melee Weapons Level 1  
  105  6:08  Zerg Ground Armor Level 1  
  105  6:14  Drone  
  105  6:15  Zergling x6  
  105  6:17  Drone x3  
  105  6:18  Drone  
  111  6:25  Drone x2  
  111  6:26  Drone  
  111  6:29  Zergling x4  
  111  6:30  Hydralisk Den, Extractor  
  112  6:33  Zergling x8  
  116  6:40  Zergling x6  
  116  6:48  Zergling x6  
  116  6:53  Zergling x12  
  125  7:00  Zergling x6  
  128  7:04  Queen  
  128  7:05  Zergling x2, Baneling x5  
  128  7:06  Zergling x2  
  132  7:12  Muscular Augments  
  132  7:15  Zergling x14  
  139  7:22  Baneling x5  
  138  7:23  Baneling x2  
  138  7:25  Overlord  
  138  7:27  Zergling x6  
  138  7:28  Zergling x2  
  129  7:41  Drone x7  
  129  7:43  Zergling x8  
  130  7:44  Baneling  
  130  7:45  Baneling x4  
  130  7:51  Zergling x6  
  132  7:57  Zergling x2  
  132  7:58  Zergling x6  
  133  7:59  Zergling x2  
  133  8:02  Zergling x4  
  133  8:06  Zerg Ground Armor Level 2, Zerg Melee Weapons Level 2  
  133  8:10  Zergling x12  
  129  8:14  Zergling x4  
  129  8:17  Baneling x4  
  129  8:21  Drone, Overlord x2  
  129  8:22  Hydralisk x3  
  129  8:23  Grooved Spines  
  129  8:24  Baneling x4  
  129  8:26  Overlord  
  136  8:28  Hydralisk x5  
  136  8:30  Hatchery  
  145  8:38  Drone  
  145  8:39  Zergling x10  
  145  8:40  Hatchery  
  150  8:41  Baneling x2  
  150  8:50  Zergling x14  
  157  8:57  Zergling x6  
  159  9:03  Infestation Pit  
  159  9:08  Overseer  
  159  9:09  Pneumatized Carapace  
  158  9:10  Drone x7  
  158  9:11  Drone x2  
  167  9:17  Overlord  
  167  9:19  Drone  
  167  9:22  Drone  
  167  9:23  Drone  
  164  9:26  Zergling x6  
  166  9:32  Drone  
  166  9:33  Zergling x8  
  166  9:36  Baneling  
  166  9:37  Baneling x9  
  171  9:41  Drone, Hive  
  171  9:44  Zergling x2  
  171  9:45  Zergling x6  
  176  9:48  Overlord  
  176  9:50  Zergling x14  
  183  9:54  Overseer  
  183  9:55  Hatchery  
  183  9:56  Zergling x10  
  183  9:57  Zergling x6  
  159  10:14  Drone x4  
  159  10:15  Drone x6  
  159  10:16  Zergling x8  
  173  10:24  Zergling x16  
  173  10:26  Baneling x9  
  173  10:28  Drone, Spore Crawler  
  180  10:29  Zerg Missile Weapons Level 1  
  180  10:36  Zergling x10  
  180  10:39  Overseer  
  184  10:45  Hydralisk x4  
  187  10:50  Drone x3  
  187  10:52  Zergling x20  
  187  10:54  Hatchery  
  187  10:56  Lurker Den  
  197  11:01  Hatchery, Baneling x19  
  196  11:05  Zergling x6  
  196  11:11  Baneling x2  
  199  11:14  Spore Crawler  
  199  11:15  Spore Crawler, Overlord  
  199  11:17  Drone x2  
  199  11:26  Adrenal Glands  
  199  11:27  Zerg Ground Armor Level 3  
  191  11:35  Drone, Zergling x2  
  191  11:36  Zergling x12  
  186  11:41  Drone x3  
  180  11:52  Viper  
  171  11:55  Viper  
  171  11:57  Drone x3, Extractor  
  171  11:59  Extractor  
  171  12:00  Drone x3  
  178  12:02  Drone  
  178  12:03  Drone x2  
  178  12:06  Zergling x38  
  200  12:20  Hatchery  
  198  12:23  Zerg Missile Weapons Level 2  
  198  12:27  Burrow  
  198  12:29  Seismic Spines  
  196  12:32  Drone  
  196  12:33  Drone x2  
  199  12:40  Nydus Network, Extractor  
  199  12:41  Drone x2  
  197  13:05  Spore Crawler x2  
  195  13:06  Spore Crawler  
  194  13:16  Zergling x14  
  194  13:26  Adaptive Talons  
  167  13:29  Zergling x42  
  167  13:32  Zergling x42  
  195  13:43  Drone  
  195  13:44  Zergling x10, Overseer, Spore Crawler  
  195  13:47  Baneling  
  195  13:48  Baneling x8  
  200  14:01  Drone, Spore Crawler  
  200  14:04  Zerg Melee Weapons Level 3  
  200  14:05  Pathogen Glands  
  200  14:09  Zergling x12  
  200  14:10  Zergling x2  
  200  14:11  Baneling x14  
  200  14:12  Baneling x4  
  200  14:27  Spire  
  179  14:42  Zergling x2  
  179  14:43  Zergling x72  
  180  14:49  Zergling x36, Overseer  
  180  14:51  Overseer  
  189  14:53  Zergling x6  
  189  14:54  Zergling x12  
  189  14:56  Overseer  
  198  15:01  Neural Parasite  
  198  15:06  Baneling x6  
  198  15:07  Baneling x11  
  198  15:10  Zerg Missile Weapons Level 3  
  198  15:13  Drone  
  199  15:19  Baneling x8  
  199  15:28  Hatchery  
  199  15:34  Baneling  
  199  15:35  Baneling x6  
  198  15:44  Greater Spire  
  169  15:55  Zergling x2  
  169  15:56  Zergling x58  
  170  16:00  Hydralisk x4  
  170  16:01  Hydralisk x3  
  170  16:02  Zergling x38  
  198  16:10  Lurker x5  
  198  16:11  Zergling x4  
  200  16:19  Baneling x16  
  200  16:22  Unknown  
  199  16:27  Drone  
  200  16:33  Nydus Canal  
  200  16:38  Overseer  
  167  16:59  Zergling x40  
  174  17:01  Zergling x34  
  174  17:06  Infestor x2  
  174  17:07  Zergling x14  
  199  17:12  Zerg Flyer Weapons Level 1  
  195  17:18  Overseer  
  195  17:20  Baneling  
  195  17:21  Zergling x10  
  195  17:22  Zergling x2  
  193  17:28  Baneling x21  
  193  17:29  Nydus Canal  
  193  17:33  Zergling x14  
  193  17:34  Baneling x4  
  193  18:03  Zergling x42  
  193  18:07  Zergling x24  
  193  18:08  Zergling x4  
  184  18:12  Zergling x2  
  184  18:13  Zergling x28  
  187  18:30  Zergling x26  
  187  18:31  Baneling x16  
  187  18:32  Baneling x22  
  200  18:40  Nydus Canal  
  199  18:51  Hatchery  
  169  19:04  Viper x2  
  169  19:07  Zerg Flyer Armor Level 1  
  169  19:08  Zergling x28  
  169  19:09  Zergling x14  
  187  19:14  Zergling x40  
  200  19:17  Overseer x2  
  200  19:19  Zergling x4  
  199  19:24  Baneling  
  199  19:25  Overseer, Baneling x18  
  189  19:39  Zergling x28  
  184  19:49  Zergling x38  
  197  20:04  Zergling x2  
  197  20:05  Zergling x32  
  193  20:10  Zergling x8  
Tags
 
Add a new tag
Caveats
  • Supply blocks, unpowered buildings, or Contaminate may cause inaccurate times.
  • Supply counts are checked every 10 seconds.